 Seeded DCSS version 0.28-a0-628-g3c9886e45e (webtiles) character file.

Game seed: 34565 (custom seed)

410 a11behringer the Slasher (level 6, -9/56 HPs)
             Began as a Minotaur Monk on Oct 9, 2021.
             Was a Believer of Makhleb.
             Mangled by an orc warrior (14 damage)
             ... on level 4 of the Dungeon.
             The game lasted 00:14:35 (3089 turns).

a11behringer the Slasher (Minotaur Monk)            Turns: 3089, Time: 00:14:36

Health: -9/56      AC:  7    Str: 18    XL:     6   Next: 58%
Magic:  5/5        EV: 12    Int:  7    God:    Makhleb [**....]
Gold:   147        SH:  0    Dex: 12    Spells: 5/5 levels left

rFire   . . .      SeeInvis .   a - +1 falchion
rCold   . . .      Faith    .   (no shield)
rNeg    . . .      Spirit   .   d - +0 leather armour
rPois   .          Reflect  .   (helmet restricted)
rElec   .          Harm     .   (no cloak)
rCorr   .          Rampage  .   n - +2 pair of gloves
Will    .....                   k - +0 pair of boots
Stlth   +.........              c - amulet of regeneration
HPRegen 1.18/turn               (no ring)
MPRegen 0.09/turn               (no ring)

@: no status effects
A: horns 2, retaliatory headbutt
a: Renounce Religion, Minor Destruction


You were on level 4 of the Dungeon.
You worshipped Makhleb.
Makhleb was pleased with you.
You visited 1 branch of the dungeon, and saw 4 of its levels.

You collected 147 gold pieces.

Inventory:

Hand Weapons
 a - a +1 falchion (weapon)
 t - a +3 fustibalus of flaming
Missiles
 l - 20 bolts
 p - 63 arrows
 q - a throwing net (quivered)
Armour
 b - a +0 robe
 d - a +0 leather armour (worn)
 k - a +0 pair of boots (worn)
 n - a +2 pair of gloves (worn)
Magical Staves
 g - a staff of fire
Jewellery
 c - an amulet of regeneration (around neck)
 e - a ring of wizardry
 r - a ring of wizardry
Wands
 j - a wand of acid (9)
Scrolls
 h - a scroll of acquirement
 m - a scroll of teleportation
Potions
 f - a potion of degeneration {unknown}
 o - 2 potions of brilliance {unknown}
 s - 2 potions of mutation {unknown}


   Skills:
 + Level 5.3 Fighting
 * Level 7.2 Long Blades
 + Level 2.2 Armour
 + Level 3.9 Dodging
 - Level 1.5 Stealth


You had 5 spell levels left.
You didn't know any spells.
Your spell library was empty.

Dungeon Overview and Level Annotations

Branches:
Dungeon (4/15)
 Temple: D:4-7

Altars:
Makhleb

Shops:
D:2 [   D:4 =


Innate Abilities, Weirdness & Mutations

You have a pair of horns on your head.
You reflexively headbutt those who attack you in melee.


Message History

The orc hits you with a +0 short sword. The orc warrior closely misses you.
You slash the orc!
You kill the orc!
Makhleb accepts your kill.
You feel better.
The orc priest calls down the wrath of Beogh upon you.
Beogh smites you!
The orc warrior throws a boomerang.
The boomerang barely misses you.
The orc warrior hits you with a +0 halberd!
Things that are here:
a +0 short sword; a +0 chain mail; an orc corpse You closely miss the orc warrior.
The orc warrior hits you with a +0 halberd!
You hit the orc warrior. Your headbutt misses the orc warrior.
The orc warrior is lightly wounded.
The orc warrior hits you with a +0 halberd!
* * * LOW HITPOINT WARNING * * *
You hit the orc warrior.
The orc warrior is moderately wounded.
The orc warrior barely misses you. You furiously retaliate!
You headbutt the orc warrior, but do no damage.
You barely miss the orc warrior. You headbutt the orc warrior!
The orc warrior is severely wounded.
The orc warrior hits you with a +0 halberd.
* * * LOW HITPOINT WARNING * * *
You hit the orc warrior but do no damage.
The orc warrior is heavily wounded.
The orc warrior hits you with a +0 halberd.
* * * LOW HITPOINT WARNING * * *
You closely miss the orc warrior.
The orc warrior is heavily wounded.
The orc warrior hits you with a +0 halberd!
* * * LOW HITPOINT WARNING * * *
You slash the orc warrior!
You headbutt the orc warrior, but do no damage.
The orc warrior is almost dead.
You barely miss the orc warrior.
The orc warrior is almost dead.
The orc warrior hits you with a +0 halberd!
You die...

... #...#
######.##.#.#
..........#.#
#.J........# .#.#
#.###.##.### .#.#
#. #.##### .#.# #.
#oo...# .#.# #.
#o###.# ...## #.
#@# ....# .. #.#
....# ## #.# ....#
.######.## ....####
.........#
.......#########..#
.............###..#
..................#
.......#..........#


You could see an orc warrior, an orc priest and an orc.

Vanquished Creatures
  A howler monkey (D:4)
  An orc priest (D:4)
  A hound (D:4)
  A jelly (D:4)
  An iguana (D:4)
  4 adders
  8 gnolls
  A white imp (D:3)
  An adder skeleton (D:4)
  3 worms
  2 dart slugs
  15 orcs
  8 endoplasms
  2 giant cockroaches (D:4)
  8 goblins
  8 hobgoblins
  9 jackals
  3 quokkas
  7 ball pythons
  11 bats
  6 frilled lizards
  5 kobolds
  5 rats
111 creatures vanquished.

Vanquished Creatures (others)
  4 toadstools (D:1)
4 creatures vanquished.

Grand Total: 115 creatures vanquished

Notes
Turn   | Place    | Note
-------+----------+-------------------------------------------
     0 | D:1      | a11behringer the Minotaur Monk began the quest for the Orb.
     0 | D:1      | Reached XP level 1. HP: 19/19 MP: 0/0
    59 | D:1      | Reached skill level 4 in Long Blades
    59 | D:1      | Found a faded altar of an unknown god.
    66 | D:1      | Reached XP level 2. HP: 21/27 MP: 1/1
   662 | D:1      | Reached XP level 3. HP: 33/33 MP: 2/2
   864 | D:2      | Found Saxet's Armour Shoppe.
   916 | D:2      | Reached skill level 5 in Long Blades
  1231 | D:2      | Reached XP level 4. HP: 40/40 MP: 3/3
  2078 | D:3      | Reached skill level 1 in Armour
  2122 | D:3      | Reached skill level 6 in Long Blades
  2122 | D:3      | Reached XP level 5. HP: 23/46 MP: 4/4
  2169 | D:3      | Found a burning altar of Makhleb.
  2178 | D:3      | Noticed an Executioner
  2182 | D:3      | Noticed an orange demon
  2182 | D:3      | Noticed a ynoxinul
  2184 | D:3      | Became a worshipper of Makhleb the Destroyer
  2184 | D:3      | Reached * piety under Makhleb
  2184 | D:3      | Reached ** piety under Makhleb
  2849 | D:4      | Reached skill level 5 in Fighting
  2849 | D:4      | Reached XP level 6. HP: 41/56 MP: 5/5
  3010 | D:4      | Reached skill level 7 in Long Blades
  3022 | D:4      | Found Cigoruv's Jewellery Shop.
  3044 | D:4      | Identified a scroll of acquirement
  3066 | D:4      | Noticed an orc warrior
  3087 | D:4      | HP: 2/56 [orc warrior (8)]
  3089 | D:4      | Mangled by an orc warrior

Illustrated notes

Levels and vault maps discovered:
D:1:      ldierk_walled_garden_2, layout_basic,
          hellmonk_ecumenical_altar_dog_temple, minivault_25
D:2:      layout_basic, serial_shops, shop, grunt_decor_fettered
D:3:      layout_loops_ring, makhleb_altar_promises_db,
          kennysheep_generic_room_16
D:4:      layout_loops_ring, serial_shops, kennysheep_mini

Skill      XL: |  1  2  3  4  5  6 |
---------------+-------------------+-----
Long Blades    | 4 5 6 7 |  7.2
Fighting       | 4 5 |  5.3
Armour         | 1 2 |  2.2
Dodging        | |  3.9
Stealth        | |  1.5

Action                   |  1- 3 |  4- 6 || total
-------------------------+-------+-------++-------
Melee: Falchion          |   101 |   165 ||   266
       Headbutt          |     7 |    28 ||    35
Invok: Minor Destruction |       |     1 ||     1
  Use: Scroll            |       |     3 ||     3
 Stab: Sleeping          |     4 |       ||     4
Armor: Robe              |     3 |       ||     3
       Leather armour    |    35 |    62 ||    97
Dodge: Dodged            |    75 |    99 ||   174

Table legend: (Time is in decaauts)
 A = Elapsed time spent in this place.
 B = Non-inter-level travel time spent in this place.
 C = Inter-level travel time spent in this place.
 D = Time resting spent in this place.
 E = Time spent auto-exploring this place.
 F = Levels seen in this place.
 G = Mean time per level.
                   A        B        C        D        E       F      G
               +--------+--------+--------+--------+--------+-----+--------+
         Total |   3097 |   2591 |    506 |      0 |   1849 |   4 |  774.2 |
       Dungeon |   3097 |   2591 |    506 |      0 |   1849 |   4 |  774.2 |
               +--------+--------+--------+--------+--------+-----+--------+

Top non-repeatable levels by time:
     D:2: 973 daAuts
     D:3: 903 daAuts
     D:1: 866 daAuts
     D:4: 355 daAuts
